 Dungeon Crawl Stone Soup version 0.19-a0-1238-gee6bd96 (webtiles) character file.

52 Ihatecarrots00 the Skirmisher (level 3, -1/34 HPs)
             Began as a Minotaur Berserker on Aug 26, 2016.
             Was a Follower of Trog.
             Slain by an adder (5 damage)
             ... on level 2 of the Dungeon.
             The game lasted 00:03:41 (958 turns).

Ihatecarrots00 the Skirmisher (Minotaur Berserker)   Turns: 958, Time: 00:03:41

Health: -1/34      AC:  2    Str: 22    XL:     3   Next: 60%
Magic:  2/2        EV: 12    Int:  4    God:    Trog [*.....]
Gold:   75         SH:  0    Dex:  9    Spells: 0 memorised, 2 levels left

rFire  . . .     SeeInvis .     a - +0 falchion
rCold  . . .     Gourm    .     b - +0 animal skin
rNeg   . . .     Faith    .     (no shield)
rPois  .         Spirit   .     (helmet restricted)
rElec  .         Dismiss  .     (no cloak)
rCorr  .         Reflect  .     (no gloves)
MR     .....     Harm     .     (no boots)
Stlth  +.........               (no amulet)
                                (no ring)
                                (no ring)

@: lethally poisoned (-1 -> -6)
A: retaliatory headbutt, horns 2
a: Berserk, Burn Spellbooks, Renounce Religion


You were on level 2 of the Dungeon.
You worshipped Trog.
Trog was aware of your devotion.
You were not hungry.

You visited 1 branch of the dungeon, and saw 2 of its levels.

You collected 75 gold pieces.

Inventory:

Hand Weapons
 a - a +0 falchion (weapon)
Armour
 b - a +0 animal skin (worn)
Jewellery
 n - an uncursed amulet of harm {unknown}
Scrolls
 d - a scroll of identify {unknown}
 f - a scroll of magic mapping {unknown}
 g - 2 scrolls of enchant armour {unknown}
 j - a scroll of recharging {unknown}
 l - a scroll of immolation {unknown}
 m - a scroll of blinking {unknown}
Potions
 e - a potion of brilliance {unknown}
 i - a potion of invisibility {unknown}
 o - a potion of haste {unknown}
Books
 p - a Fen Folio

   Spells                             Type                      Level
   a - Corpse Rot                     Necromancy                   2
   b - Stone Arrow                    Conjuration/Earth            3
   c - Leda's Liquefaction            Hexes/Earth                  4
   d - Summon Forest                  Summoning/Translocation      5
   e - Hydra Form                     Transmutation                6
   f - Summon Hydra                   Summoning                    7
   Trog disapproves of the use of such an item.
Comestibles
 c - 2 bread rations
 h - 2 fruits
 k - a royal jelly
 q - a beef jerky


   Skills:
 + Level 4.4 Fighting
 + Level 4.3 Long Blades
 + Level 2.8 Armour
 + Level 2.7 Dodging
 + Level 0.1 Stealth


You had 2 spell levels left.
You didn't know any spells.

Dungeon Overview and Level Annotations

Branches:
Dungeon (2/15)

Altars:


Innate Abilities, Weirdness & Mutations

You reflexively headbutt those who attack you in melee.
You have a pair of horns on your head.


Message History

A bat comes into view.
You feel sick.
You see here an adder corpse.
An adder comes into view.
You feel sick. The bat closely misses you.
You riposte.
You closely miss the bat.
Found a leather armour.
Found a stone staircase leading up.
The bat hits you but does no damage.
You feel sick. The bat hits you but does no damage. x2
You miss the bat.
You feel sick. The bat hits you but does no damage. The bat misses you.
You furiously retaliate!
You headbutt the bat.
You riposte.
You hit the bat.
You kill the bat!
Trog accepts your kill. The adder closely misses you. You furiously retaliate!
You headbutt the adder! The adder bites you.
* * * LOW HITPOINT WARNING * * *
* * * LOW HITPOINT WARNING * * *
You feel sick. The adder bites you.
You die...

#.# #..#.# #.#
##.#.# #.# #.#
#.# #.# #$#
..# # #†##
#.#####..#####
#<...........#
###[.@S......#
#..........#
#.......>..#
#..........#
#..........#
#..........#
############


You could see an adder.

Vanquished Creatures
  3 adders (D:2)
  A worm (D:2)
  A dart slug (D:1)
  A bat (D:2)
  2 giant cockroaches (D:2)
  3 hobgoblins
  2 jackals (D:1)
  2 kobolds (D:2)
  A ball python (D:1)
  A giant newt (D:1)
  3 rats
20 creatures vanquished.

Notes
Turn   | Place    | Note
-------+----------+-------------------------------------------
     0 | D:1      | Ihatecarrots00 the Minotaur Berserker began the quest for the Orb.
     0 | D:1      | Reached XP level 1. HP: 19/19 MP: 0/0
   492 | D:1      | Reached XP level 2. HP: 22/27 MP: 1/1
   896 | D:2      | Reached XP level 3. HP: 26/33 MP: 2/2
   958 | D:2      | Slain by an adder

Vault maps used:
D:1:      lightli_arrival_flooded_house
D:2:      minivault_26

Skill      XL: |  1  2 |
---------------+-------+-----
Long Blades    | 4 |  4.3
Fighting       | 4 |  4.4
Armour         | |  2.8
Dodging        | |  2.7
Stealth        | |  0.1

Action                   || total
-------------------------++-------
Melee: Falchion          ||    46
       Headbutt          ||     7
Armor: Animal skin       ||     9
Dodge: Dodged            ||    25
